 Dungeon Crawl Stone Soup version 0.26.1-11-gd32895ea62 (webtiles) character file.

Game seed: 899447527447559076

13 DildoBatman the Conjurer (level 2, -1/19 HPs)
             Began as a Formicid Conjurer on May 26, 2021.
             Slain by a scorpion (5 damage)
             ... on level 2 of the Dungeon.
             The game lasted 00:01:25 (378 turns).

DildoBatman the Conjurer (Formicid Conjurer)         Turns: 378, Time: 00:01:25

Health: -1/19      AC:  2    Str: 11    XL:     2   Next: 50%
Magic:  5/5        EV: 12    Int: 17    God:
Gold:   9          SH:  0    Dex:  9    Spells: 2/5 levels left

rFire    . . .     SeeInvis +   c - +0 club
rCold    . . .     Faith    .   (no shield)
rNeg     . . .     Spirit   .   a - +0 robe
rPois    .         Reflect  .   (helmet unavailable)
rElec    .         Harm     .   (no cloak)
rCorr    .         Rampage  .   (no gloves)
Will     .....                  (no boots)
Stlth    ++........             (no amulet)
HPRegen  0.06/turn              (no ring)
MPRegen  0.09/turn              (no ring)

@: no status effects
A: permanent stasis, dig shafts and tunnels, four strong arms, antennae 3
a: Dig, Shaft Self


You were on level 2 of the Dungeon.
You visited 1 branch of the dungeon, and saw 2 of its levels.

You collected 9 gold pieces.

Inventory:

Hand Weapons
 c - a +0 club (weapon)
Missiles
 b - 26 stones
 f - 16 arrows
Armour
 a - a +0 robe (worn)
Scrolls
 d - a scroll of teleportation {unknown}
 e - a scroll of remove curse {unknown}
Potions
 g - a potion of flight {unknown}


   Skills:
 - Level 1.7 Dodging
 - Level 2.4 Stealth
 - Level 2.1 Spellcasting
 * Level 4.2 Conjurations


You had 2 spell levels left.
You knew the following spells:

 Your Spells              Type           Power        Failure   Level
a - Searing Ray           Conj           32%          5%          2
c - Magic Dart            Conj           64%          3%          1

Your spell library contained the following spells:

 Spells                   Type           Power        Failure   Level
 Dazzling Flash           Conj/Hex       16%          24%         3
 Fulminant Prism          Conj/Hex       4%           63%         4
 Iskenderun's Mystic Bla  Conj/Tloc      8%           63%         4


Dungeon Overview and Level Annotations

Branches:
Dungeon (1/15)

Altars:
Elyvilon


Innate Abilities, Weirdness & Mutations

You cannot be hasted, slowed, berserked, paralysed or teleported.
You can dig through walls and to a lower floor.
Your four strong arms can wield two-handed weapons with a shield.
You have a pair of large antennae on your head. (SInv)


Message History

You dig through the rock wall.
A frilled lizard comes into view.
The frilled lizard hisses angrily.
You retract your mandibles.
The frilled lizard bites you.
A kobold comes into view.
The kobold shouts!
The frilled lizard hisses.
The frilled lizard bites you.
The kobold throws a stone.
The stone hits you.
You see here a stone.
You extend your mandibles.
You dig through the rock wall.
You dig through the rock wall.
The hobgoblin hits you with a +0 club.
You dig through the rock wall.
You dig through the rock wall.
The scorpion stings you.
You die...

#.###.####(≈.≈#
#....l.....≈.≈#
###...###..≈.≈....
# #.### #.##.#####
.. #.# #.##.#
#.###.#####.##.##
#.......l.......##
####.#...g..^.....
#...#.#@.##
####.#s#.# #####(#
.# .. ##


You could see a scorpion, a hobgoblin and a frilled lizard.

Vanquished Creatures
  A dart slug (D:1)
  A giant cockroach (D:1)
  A goblin (D:1)
  A hobgoblin (D:1)
  A frilled lizard (D:1)
  3 kobolds (D:1)
  3 rats (D:1)
11 creatures vanquished.

Notes
Turn   | Place    | Note
-------+----------+-------------------------------------------
     0 | D:1      | DildoBatman the Formicid Conjurer began the quest for the
                  | Orb.
     0 | D:1      | Reached XP level 1. HP: 13/13 MP: 3/3
   161 | D:1      | Reached skill level 4 in Conjurations
   161 | D:1      | Reached XP level 2. HP: 16/19 MP: 1/5
   164 | D:1      | Learned a level 2 spell: Searing Ray
   333 | D:1      | You fall into a shaft and drop 1 floor!
   334 | D:2      | Noticed a scorpion
   337 | D:2      | Found a white marble altar of Elyvilon.
   378 | D:2      | Slain by a scorpion

Illustrated notes

Levels and vault maps discovered:
D:1:      dpeg_arrival_simpleton_a, layout_basic
D:2:      cheibrodos_fertilizer, layout_loops_ring, serial_bayou_pond_c,
          corexii_leaking_fountain, chequers_serial_rivers_micro_d,
          elyvilon_altar_1, uniq_jessica, uniq_crazy_yiuf_cottage

Skill      XL: |  1 |
---------------+----+-----
Conjurations   | 4 |  4.2
Dodging        | |  1.7
Stealth        | |  2.4
Spellcasting   | |  2.1

Action                   || total
-------------------------++-------
Melee: Club              ||    14
 Cast: Magic Dart        ||    20
 Abil: Dig               ||     5
Armor: Robe              ||     3
Dodge: Dodged            ||    10
